 Dungeon Crawl Stone Soup version 0.31-a0-150-g89dc3ad700 (webtiles) character file.

Game seed: 12537499138344226223

25 lunkers the Cudgeller (level 3, 0/29 HPs)
             Began as a Meteoran Reaver on June 8, 2023.
             Succumbed to an adder's poison
             ... on level 2 of the Dungeon.
             The game lasted 00:00:50 (301 turns).

lunkers the Cudgeller (Meteoran Reaver)              Turns: 301, Time: 00:00:51

Health: 0/29       AC:  3    Str: 15    XL:     3   Next: 38%
Magic:  8/8        EV: 12    Int: 14    God:
Gold:   40         SH:  0    Dex: 13    Spells: 6/7 levels left

rFire   . . .        a - +0 mace
rCold   . . .        (no shield)
rNeg    . . .        b - +0 leather armour
rPois   .            (no helmet)
rElec   .            (no cloak)
rCorr   .            (no gloves)
SInv    .            (no boots)
Will    .....        (no amulet)
Stlth   +            (no ring)
HPRegen 0.24/turn    (no ring)
MPRegen 0.11/turn

%: no passive effects
@: mighty, lethally poisoned (0 -> -3), glowing
A: sense surroundings 1, otherworldly, glowing, explore regen
a: no special abilities


You were on level 2 of the Dungeon.
You visited 1 branch of the dungeon, and saw 2 of its levels.

You collected 40 gold pieces.

Inventory:

Hand Weapons
 a - a +0 mace (weapon)
Armour
 b - a +0 leather armour (worn)
Scrolls
 c - a scroll of identify {unknown}


   Skills:
 - Level 2.1 Fighting
 + Level 5.5 Maces & Flails
 - Level 2.4 Dodging
 - Level 2.6 Spellcasting
 - Level 3.6 Conjurations


You had 6 spell levels left.
You knew the following spells:

 Your Spells              Type           Power      Damage    Failure   Level
p - Kiss of Death         Conj/Necr      24%        2d7       13%         1

Your spell library contained the following spells:

 Spells                   Type           Power      Damage    Failure   Level
 Momentum Strike          Conj/Tloc      12%        3d8       21%         2
 Hailstorm                Conj/Ice       6%         3d4       36%         3


Dungeon Overview and Level Annotations

Branches:
Dungeon (2/15) Zot: 883

Altars:


Innate Abilities, Weirdness & Mutations

You passively map a small area around you.
You are easily found by Zot.
You glow in the dark.
You regain HP and MP as you explore.


Message History

The adder poisons you!
You have reached level 3!
Your experience leads to an increase in your attributes!
Increase (S)trength, (I)ntelligence, or (D)exterity?
You feel stronger. x2; You feel agile. The adder attacks as you move away!
The adder closely misses you.
You feel very sick.
It was a potion of might.
You feel very mighty all of a sudden.
You feel sick. The adder barely misses you.
The endoplasm jiggles.
The adder bites you.
* * * LOW HITPOINT WARNING * * *
You are lethally poisoned!
The adder poisons you!
You miss the adder.
* * * LOW HITPOINT WARNING * * *
You feel very sick. The adder misses you.
You barely miss the adder.
* * * LOW HITPOINT WARNING * * *
You feel sick. The adder bites you but does no damage. The adder bites you.
* * * LOW HITPOINT WARNING * * *
You sock the adder!
The adder is almost dead.
* * * LOW HITPOINT WARNING * * *
You feel very sick. The adder bites you but does no damage.
You hit the adder.
You kill the adder!
* * * LOW HITPOINT WARNING * * *
You feel sick.
Unknown command.
You hit the goblin.
The goblin is almost dead.
* * * LOW HITPOINT WARNING * * *
You feel sick. The goblin hits you but does no damage.
You closely miss the goblin.
The goblin is almost dead.
You die...

** ####### , , *
......# #......#
......# **
#......#########J......
#......##.....@gg.....$
,
#......##.######r......
, #......#..# *......#
#......#.## .r..... ,
#......#.# #...... * *
#........# * ...... ,
######..### ,.....#
#......##### * .....#
#>............+


You could see an endoplasm, 2 goblins and a rat.

Vanquished Creatures
  An adder (D:2)
  A bat (D:1)
  3 endoplasms
  A giant cockroach (D:1)
  2 goblins (D:1)
  2 hobgoblins (D:1)
  A quokka (D:1)
  2 ball pythons
  2 frilled lizards
15 creatures vanquished.

Notes
Turn   | Place    | Note
-------+----------+-------------------------------------------
     0 | D:1      | lunkers the Meteoran Reaver began the quest for the Orb.
     0 | D:1      | Reached XP level 1. HP: 17/17 MP: 5/5
    89 | D:1      | Reached XP level 2. HP: 15/24 MP: 6/6
   224 | D:1      | Reached skill level 5 in Maces & Flails
   294 | D:2      | Reached XP level 3. HP: 18/29 MP: 8/8
   300 | D:2      | HP: 1/29 [poisoned by an adder]
   301 | D:2      | Succumbed to an adder's poison

Illustrated notes

Levels and vault maps discovered:
D:1:      ncdulo_wetmaze, layout_basic, hellmonk_ecumenical_altar_watching_god
D:2:      layout_basic, wad_floor_pattern_untrapped, uniq_crazy_yiuf_cottage

Skill      XL: |  1  2 |
---------------+-------+-----
Maces & Flails | 5 |  5.5
Fighting       | |  2.1
Dodging        | |  2.4
Spellcasting   | |  2.6
Conjurations   | |  3.6

Action                     || total
---------------------------++-------
  Melee: Mace              ||    52
    Use: Potion            ||     1
 Armour: Leather armour    ||    22
  Dodge: Dodged            ||    28

Table legend: (Time is in decaauts)
 A = Elapsed time spent in this place.
 B = Non-inter-level travel time spent in this place.
 C = Inter-level travel time spent in this place.
 D = Time resting spent in this place.
 E = Time spent auto-exploring this place.
 F = Levels seen in this place.
 G = Mean time per level.
                   A        B        C        D        E       F      G
               +--------+--------+--------+--------+--------+-----+--------+
         Total |    316 |    314 |      2 |      0 |    213 |   2 |  158.0 |
       Dungeon |    316 |    314 |      2 |      0 |    213 |   2 |  158.0 |
               +--------+--------+--------+--------+--------+-----+--------+

Top non-repeatable levels by time:
     D:1: 240 daAuts
     D:2: 76 daAuts
